Map: Coda LE (Void)

Players

Goomba - Winner!

  • Race: Zerg Zerg

Puppytherapy

  • Race: Protoss Protoss

VOD

Have the link to the VOD?

Description

Time

  • Played on: May 3, 2015, 3:44 p.m.
  • Length: 27:27
Show
View Real Time Build Order
Export as new Build Order

Goomba Zerg - Winner!

Build Orders: Hatch First, Lurkers 

Get SALT Encoding   

  12  0:01  Drone  
  13  0:12  Drone  
  14  0:18  Overlord  
  14  0:25  Drone, Extractor  
  15  0:37  Drone x2  
  17  0:44  Drone  
  18  0:56  Drone  
  19  1:01  Hatchery  
  18  1:09  Extractor  
  17  1:19  Spawning Pool  
  17  1:20  Drone  
  17  1:25  Drone  
  18  1:29  Drone  
  19  1:38  Drone  
  20  1:48  Overlord  
  20  2:06  Queen  
  22  2:09  Zergling x2  
  22  2:10  Metabolic Boost  
  22  2:14  Zergling x4  
  22  2:15  Queen  
  27  2:24  Drone x2  
  29  2:31  Overlord  
  29  2:34  Drone  
  30  2:42  Drone  
  31  2:45  Drone  
  32  2:54  Queen  
  32  2:55  Drone x2  
  36  3:05  Overlord  
  36  3:07  Drone  
  37  3:15  Drone x4  
  40  3:29  Overlord  
  40  3:32  Roach Warren  
  40  3:34  Drone x2, Zergling x2, Extractor  
  40  3:35  Zergling x4  
  42  3:41  Drone x2  
  44  3:49  Extractor  
  44  3:50  Drone x2  
  45  3:58  Drone  
  44  4:15  Roach x6  
  55  4:20  Drone  
  55  4:21  Overlord  
  56  4:25  Drone  
  56  4:27  Evolution Chamber  
  56  4:28  Overlord  
  56  4:34  Roach  
  58  4:41  Queen  
  50  4:57  Drone x6  
  50  4:58  Drone x4  
  52  5:06  Drone x4  
  56  5:10  Drone  
  57  5:19  Spore Crawler  
  57  5:20  Spore Crawler  
  55  5:23  Drone  
  55  5:26  Drone  
  57  5:28  Drone  
  57  5:33  Overlord  
  57  5:35  Lair  
  58  5:36  Zerg Missile Weapons Level 1  
  58  5:38  Drone  
  58  5:39  Evolution Chamber  
  58  5:41  Drone  
  55  5:46  Hatchery  
  52  5:51  Extractor  
  52  5:52  Overlord  
  52  5:55  Queen  
  53  5:58  Overlord  
  53  5:59  Drone x3  
  54  6:04  Roach  
  54  6:05  Roach x2  
  56  6:15  Zerg Ground Armor Level 1  
  56  6:22  Overlord  
  56  6:27  Ravager x3  
  56  6:31  Queen  
  56  6:32  Queen  
  63  6:42  Roach  
  63  6:43  Roach x6  
  77  6:52  Zergling x2  
  78  6:54  Zergling x2  
  78  6:55  Zergling x12  
  85  7:05  Overlord  
  85  7:06  Hydralisk Den  
  84  7:10  Zergling x2  
  84  7:11  Zergling x4  
  84  7:15  Queen x2  
  81  7:28  Zergling x4  
  75  7:33  Lurker Den  
  72  7:51  Queen x2  
  72  7:54  Hatchery  
  73  8:00  Hydralisk x6  
  85  8:12  Drone x3  
  88  8:13  Drone x2  
  90  8:27  Overseer  
  90  8:29  Overlord x2  
  90  8:33  Zerg Ground Armor Level 2, Zerg Missile Weapons Level 2  
  90  8:38  Drone  
  90  8:41  Overlord  
  91  8:48  Overlord  
  91  8:49  Drone x2  
  91  8:52  Drone  
  91  8:53  Drone, Extractor  
  94  8:56  Extractor  
  94  9:02  Lurker x3  
  97  9:03  Lurker  
  97  9:06  Overlord  
  97  9:07  Drone  
  98  9:16  Overlord  
  98  9:19  Drone x3  
  101  9:26  Zergling x10  
  106  9:37  Overlord x2  
  106  9:46  Spire  
  105  9:56  Spine Crawler  
  105  9:57  Spore Crawler  
  105  9:59  Hatchery  
  102  10:00  Spine Crawler  
  102  10:03  Drone x3  
  102  10:04  Drone, Infestation Pit  
  102  10:05  Drone  
  105  10:12  Overseer  
  95  10:24  Drone x4  
  95  10:25  Drone x4  
  103  10:30  Overseer  
  103  10:34  Extractor  
  103  10:35  Drone x2  
  104  10:36  Extractor  
  103  10:45  Hive  
  103  10:51  Muscular Augments  
  103  10:54  Drone x2  
  103  10:56  Drone  
  106  11:02  Queen  
  109  11:04  Lurker  
  109  11:05  Lurker  
  110  11:13  Drone x4  
  114  11:19  Spine Crawler  
  114  11:22  Drone x3  
  116  11:31  Drone x2, Spine Crawler  
  116  11:32  Drone  
  118  11:38  Hydralisk  
  118  11:39  Hydralisk  
  122  11:44  Pathogen Glands  
  114  12:06  Hydralisk x7  
  128  12:23  Drone x3  
  128  12:24  Drone x2  
  133  12:35  Lurker x3  
  136  12:37  Hatchery  
  135  12:46  Drone x2  
  135  12:47  Drone  
  135  12:48  Spore Crawler  
  137  12:51  Lurker x3  
  137  12:52  Lurker x3  
  137  12:58  Spine Crawler  
  142  12:59  Spine Crawler  
  142  13:01  Spore Crawler  
  142  13:02  Spore Crawler  
  131  13:21  Zerg Flyer Weapons Level 1  
  130  13:27  Ultralisk Cavern  
  129  13:36  Corruptor x8  
  129  13:40  Drone x4  
  149  13:49  Zerg Missile Weapons Level 3  
  149  13:54  Drone x2  
  149  13:55  Drone x3  
  148  14:20  Spore Crawler  
  148  14:21  Drone x4  
  148  14:22  Drone x3  
  154  14:26  Corruptor x2  
  154  14:28  Overlord x3  
  158  14:39  Infestation Pit  
  157  14:47  Spine Crawler  
  157  14:48  Extractor  
  157  14:49  Drone x2, Spine Crawler, Extractor  
  157  14:50  Drone x5  
  157  14:51  Spore Crawler  
  156  15:09  Zerg Ground Armor Level 3  
  156  15:18  Overseer  
  156  15:27  Spore Crawler  
  156  15:28  Zergling x30  
  170  15:44  Overlord x2  
  169  16:02  Adrenal Glands  
  169  16:03  Chitinous Plating  
  166  16:06  Zergling x22  
  166  16:07  Queen x3  
  178  16:20  Hatchery  
  177  16:26  Zerg Melee Weapons Level 1  
  172  16:52  Corruptor x6  
  184  17:08  Overlord x2  
  181  17:55  Overlord  
  156  18:24  Overseer  
  149  18:29  Drone  
  149  18:30  Drone x4  
  149  18:31  Spore Crawler x2  
  149  18:32  Spore Crawler  
  147  18:35  Spire  
  143  18:55  Drone x3  
  145  18:56  Drone x3  
  145  18:58  Spore Crawler  
  148  19:12  Ultralisk  
  148  19:13  Ultralisk x7  
  196  19:26  Spore Crawler  
  195  19:42  Zerg Melee Weapons Level 2  
  195  20:00  Hatchery  
  194  20:26  Corruptor x3  
  182  21:01  Queen  
  182  21:02  Hydralisk, Queen x2  
  182  21:03  Hydralisk x8  
  188  21:16  Hydralisk  
  188  21:17  Hydralisk x7  
  197  21:25  Queen x2  
  181  21:38  Hydralisk x4  
  181  21:39  Hydralisk x7  
  183  21:52  Hydralisk x5  
  183  21:54  Queen  
  172  22:00  Hydralisk x2  
  156  22:13  Hydralisk  
  156  22:14  Hydralisk x2  
  131  22:30  Hydralisk x3  
  131  22:31  Hydralisk  
  131  22:47  Hydralisk x3  
  127  22:54  Hydralisk  
  117  23:05  Hydralisk x3  
  109  23:10  Hydralisk  
  101  23:20  Hydralisk x2  
  99  23:27  Hydralisk  
  95  23:38  Hydralisk x2  
  81  24:47  Overlord x3  
  62  25:43  Overlord  
  62  25:44  Overlord x2  
Show
View Real Time Build Order
Export as new Build Order

Puppytherapy Protoss 

Build Orders: Oracle Opening, Oracle Opening 

Get SALT Encoding   

  12  0:01  Probe  
  13  0:16  Pylon  
  13  0:19  Probe  
  14  0:37  Probe (Chrono Boost), Gateway  
  15  0:48  Probe (Chrono Boost)  
  16  0:54  Probe (Chrono Boost)  
  17  0:59  Assimilator  
  17  1:03  Assimilator  
  17  1:06  Probe (Chrono Boost)  
  18  1:15  Probe (Chrono Boost)  
  19  1:18  Pylon  
  19  1:23  Probe  
  20  1:26  Cybernetics Core  
  20  1:32  Zealot  
  22  1:37  Probe (Chrono Boost)  
  23  1:47  Probe (Chrono Boost)  
  24  2:04  Warp Gate (Chrono Boost)  
  24  2:09  Nexus  
  26  2:15  Mothership Core  
  26  2:27  Gateway  
  26  2:32  Sentry  
  28  2:39  Gateway  
  28  2:58  Stargate  
  28  2:59  Probe  
  29  3:11  Probe (Chrono Boost)  
  30  3:23  Probe (Chrono Boost)  
  31  3:27  Probe (Chrono Boost)  
  31  3:32  Probe (Chrono Boost)  
  33  3:35  Probe (Chrono Boost)  
  33  3:42  Probe (Chrono Boost), Oracle (Chrono Boost)  
  37  3:51  Probe (Chrono Boost), Pylon  
  39  3:58  Zealot  
  39  3:59  Zealot  
  39  4:00  Probe (Chrono Boost)  
  43  4:05  Pylon  
  43  4:19  Probe  
  43  4:20  Pylon  
  43  4:23  Probe  
  45  4:26  Forge  
  45  4:27  Zealot x2  
  45  4:28  Zealot  
  49  4:49  Probe x2  
  49  4:50  Void Ray (Chrono Boost)  
  51  4:54  Assimilator  
  51  4:58  Assimilator  
  43  5:01  Probe  
  43  5:02  Probe  
  44  5:08  Sentry x2  
  44  5:09  Zealot  
  44  5:11  Protoss Ground Weapons Level 1  
  44  5:14  Probe x2 (Chrono Boost)  
  52  5:15  Pylon  
  52  5:26  Void Ray  
  52  5:32  Pylon  
  52  5:33  Probe x2 (Chrono Boost), Pylon  
  59  5:50  Probe (Chrono Boost)  
  59  5:54  Zealot x3  
  59  5:55  Probe (Chrono Boost)  
  68  6:05  Gateway x2  
  68  6:08  Gateway  
  66  6:16  Void Ray (Chrono Boost)  
  70  6:26  Pylon  
  70  6:35  Pylon  
  70  6:38  Pylon x2  
  70  6:46  Stalker x3  
  73  7:03  Sentry x3  
  73  7:05  Pylon  
  75  7:27  Stalker x6  
  61  7:37  Void Ray (Chrono Boost)  
  61  7:42  Probe x2  
  67  7:51  Zealot x2  
  71  7:54  Probe  
  72  8:02  Twilight Council  
  72  8:03  Pylon  
  72  8:06  Probe x2  
  72  8:08  Protoss Ground Armor Level 1 (Chrono Boost)  
  74  8:14  Zealot x2  
  78  8:20  Void Ray (Chrono Boost)  
  82  8:33  Probe x2  
  84  8:39  Pylon  
  84  8:45  Dark Shrine  
  84  8:50  Pylon  
  84  8:55  Nexus  
  84  9:21  Probe  
  85  9:32  Robotics Facility  
  85  9:38  Pylon  
  85  9:39  Void Ray (Chrono Boost)  
  85  9:44  Charge (Chrono Boost)  
  89  9:54  Protoss Ground Weapons Level 2  
  89  9:58  Dark Templar x2  
  89  9:59  Dark Templar  
  95  10:00  Dark Templar  
  97  10:24  Templar Archives  
  97  10:26  Assimilator  
  97  10:32  Assimilator  
  97  10:33  Void Ray (Chrono Boost)  
  101  10:36  Dark Templar x2  
  101  10:37  Zealot x2  
  109  10:48  Zealot x2, Archon  
  113  10:52  Pylon  
  113  10:59  Observer (Chrono Boost)  
  113  11:01  Probe x2  
  116  11:09  Dark Templar, Void Ray (Chrono Boost)  
  122  11:14  Probe x2 (Chrono Boost)  
  125  11:18  Probe (Chrono Boost), Photon Cannon  
  125  11:22  Psionic Storm  
  125  11:24  Probe x2 (Chrono Boost)  
  126  11:25  Archon  
  126  11:26  Archon  
  126  11:27  Probe (Chrono Boost)  
  126  11:29  High Templar  
  128  11:36  Pylon  
  128  11:38  Pylon  
  128  11:55  Warp Prism (Chrono Boost)  
  130  12:08  High Templar x3  
  136  12:16  Pylon  
  136  12:19  Pylon  
  136  12:24  Dark Templar  
  138  12:34  Void Ray (Chrono Boost)  
  138  12:35  Photon Cannon  
  142  12:37  Photon Cannon  
  140  12:47  Dark Templar  
  142  12:55  Stargate  
  142  12:57  Nexus  
  142  12:59  Pylon  
  142  13:00  Zealot x4, Stargate  
  142  13:03  Pylon  
  148  13:15  Dark Templar  
  140  13:44  Fleet Beacon  
  140  13:47  Photon Cannon  
  138  13:49  Photon Cannon  
  138  13:51  Photon Cannon  
  138  13:54  Assimilator  
  138  13:58  Assimilator  
  136  14:08  Zealot x4  
  136  14:09  Zealot x2  
  142  14:12  Carrier (Chrono Boost)  
  142  14:13  Carrier (Chrono Boost)  
  138  14:25  Carrier (Chrono Boost)  
  150  14:41  Nexus  
  150  14:42  Pylon  
  144  14:50  Pylon  
  144  14:51  Pylon  
  144  15:09  Carrier x2 (Chrono Boost)  
  144  15:13  Pylon  
  144  15:21  Carrier (Chrono Boost)  
  156  15:38  Protoss Air Weapons Level 1  
  162  16:04  Photon Cannon  
  162  16:07  Photon Cannon  
  162  16:10  Zealot x5  
  164  16:11  Zealot  
  164  16:17  Photon Cannon  
  162  16:20  Photon Cannon  
  162  16:40  Stargate  
  162  16:41  Stargate  
  162  16:44  Pylon  
  162  16:47  Assimilator  
  162  16:50  Zealot x6, Assimilator  
  174  17:14  Carrier x3  
  174  17:20  Photon Cannon  
  174  17:22  Photon Cannon  
  166  17:24  Photon Cannon  
  166  17:27  Photon Cannon  
  172  17:39  Phoenix  
  174  17:48  Dark Templar x2  
  178  18:00  Dark Templar x2  
  176  18:10  Zealot x2  
  180  18:21  Dark Templar x2  
  168  18:54  Dark Templar x4  
  173  19:13  Pylon  
  173  19:19  Carrier (Chrono Boost)  
  173  19:20  Carrier (Chrono Boost)  
  173  19:24  Carrier x2 (Chrono Boost)  
  189  19:44  Warp Prism (Chrono Boost)  
  191  19:57  Graviton Catapult (Chrono Boost)  
  191  20:04  Protoss Air Weapons Level 2 (Chrono Boost)  
  190  20:38  Pylon  
  190  20:40  Pylon  
  183  20:52  Dark Templar x6  
  139  21:48  Nexus  
  130  22:22  Dark Templar x3  
  126  22:25  Zealot  
Tags
 
Add a new tag
Caveats
  • Supply blocks, unpowered buildings, or Contaminate may cause inaccurate times.
  • Supply counts are checked every 10 seconds.